 Dungeon Crawl Stone Soup version 0.21.1-1-g345015fe64 (webtiles) character file.

538 RepoMan the Ruffian (level 7, 57/57 HPs)
             Began as a Pale Draconian Transmuter on July 6, 2018.
             Got out of the dungeon alive.
             The game lasted 00:18:06 (4754 turns).

RepoMan the Ruffian (Pale Draconian Transmuter)     Turns: 4754, Time: 00:18:07

Health: 57/57      AC:  7    Str: 13    XL:     7   Next: 5%
Magic:  11/11      EV: 12    Int: 14    God:
Gold:   195        SH:  0    Dex: 12    Spells: 6/12 levels left

rFire    . . .     SeeInvis .     - Unarmed
rCold    . . .     Gourm    .   (no shield)
rNeg     . . .     Faith    .   (armour unavailable)
rPois    .         Spirit   .   (helmet restricted)
rElec    .         Reflect  .   (no cloak)
rCorr    .         Harm     .   t - +0 pair of gloves
MR       .....                  (no boots)
Stlth    +.........             (no amulet)
HPRegen  0.19/turn              (no ring)
MPRegen  0.12/turn              (no ring)

@: no status effects
A: breathe steam, unfitting armour, cold-blooded, AC +6
a: Breathe Steam


You escaped.
You were hungry.

You visited 1 branch of the dungeon, and saw 4 of its levels.
You also visited: Sewer.

You collected 195 gold pieces.

Inventory:

Missiles
 a - 15 arrows
Armour
 t - a +0 pair of gloves (worn)
Magical Staves
 w - an uncursed staff of air {unknown}
Jewellery
 n - a cursed -3 ring of dexterity {unknown}
Scrolls
 d - 6 scrolls of remove curse {unknown}
 f - 2 scrolls of enchant weapon {unknown}
 h - 3 scrolls of identify {unknown}
 i - 3 scrolls of amnesia {unknown}
 k - 3 scrolls of teleportation {unknown}
 m - a scroll of fear {unknown}
 u - a scroll of random uselessness {unknown}
Potions
 e - 6 potions of curing
 g - 2 potions of berserk rage {unknown}
 j - 3 potions of might {unknown}
 l - a potion of haste {unknown}
 p - 7 potions of heal wounds {unknown}
 q - a potion of flight {unknown}
 r - a potion of brilliance {unknown}
 s - 3 potions of agility {unknown}
 v - 2 potions of ambrosia {unknown}
Books
 b - a book of Changes

   Spells                             Type                      Level
   a - Beastly Appendage              Transmutation                1
   b - Sticks to Snakes               Transmutation                2
   c - Spider Form                    Transmutation/Poison         3
   d - Ice Form                       Ice/Transmutation            4
   e - Blade Hands                    Transmutation                5
Comestibles
 c - 6 rations


   Skills:
 + Level 3.3 Fighting
 - Level 1.7 Dodging
 * Level 5.3 Unarmed Combat
 + Level 3.2 Spellcasting
 * Level 4.6 Transmutations


You had 6 spell levels left.
You knew the following spells:

 Your Spells              Type           Power        Failure   Level  Hunger
a - Beastly Appendage     Tmut           ###...       3%          1    #......
b - Sticks to Snakes      Tmut           ###.....     4%          2    ##.....
c - Spider Form           Tmut/Pois      #.........   24%         3    ###....


Dungeon Overview and Level Annotations

Branches:
Dungeon (4/15)
 Temple: D:4-7

Altars:
Dithmenos

Shops:
D:4 %


Innate Abilities, Weirdness & Mutations

You can breathe blasts of scalding, opaque steam.
Your pale cyan-grey scales are hard. (AC +6)
You cannot fit into any form of body armour.
You are cold-blooded and may be slowed by cold attacks.


Message History

There is an open door here.
There is a stone staircase leading up here.
You climb upwards.
There is a stone staircase leading down here.
There is a stone staircase leading up here.
You climb upwards.
There is a stone staircase leading down here.
There is a stone staircase leading up here.
You climb upwards.
There is a stone staircase leading down here.
(D) Dungeon
Where to? (Enter - D:1, ? - help)
Okay, then.
Unknown command.
There is a large open door here.
There is a large open door here.
There is a fountain of clear blue water here.
There is a staircase leading out of the dungeon here.
Are you sure you want to leave the Dungeon?
This will make you lose the game!
You have escaped!

....'.......## #.
...##........#########
##
'##########.....8...(#
.# #..##...##.# .#
#...##.##..# ########
## #....#'#..##
#......# #....#'#..##
#.####.# #...##⌠##..#
#.# ##.### #...+⌠@⌠'..#
#.# #.....
#...##⌠##..###.# #..##.
#....#+#.......###..##.
##...#+#............###
#..##.##..######.[.###
#.##...##.# #......
#....8....# #...##.
######.#########......
#.............#..


There were no monsters in sight!

Vanquished Creatures
  2 big kobolds (Sewer)
  A scorpion (D:4)
  A howler monkey (D:4)
  2 hounds
  A howler monkey skeleton (D:4)
  6 adders
  4 river rats (Sewer)
  2 oozes
  2 dart slugs (D:2)
  2 leopard geckos (D:2)
  5 orcs
  8 ball pythons
  9 giant cockroaches
  4 hobgoblins
  8 jackals
  4 bats
  7 frilled lizards
  8 goblins
  21 kobolds
  28 rats
125 creatures vanquished.

Vanquished Creatures (collateral kills)
  A scorpion (D:2)
1 creature vanquished.

Grand Total: 126 creatures vanquished

Notes
Turn   | Place    | Note
-------+----------+-------------------------------------------
     0 | D:1      | RepoMan the Draconian Transmuter began the quest for the Orb.
     0 | D:1      | Reached XP level 1. HP: 16/16 MP: 3/3
   278 | D:1      | Reached XP level 2. HP: 23/23 MP: 3/5
   282 | D:1      | Learned a level 2 spell: Sticks to Snakes
  1177 | D:2      | Reached XP level 3. HP: 28/28 MP: 4/6
  1307 | D:2      | Learned a level 3 spell: Spider Form
  1651 | D:2      | Reached XP level 4. HP: 17/36 MP: 7/7
  2400 | D:2      | Found a faded altar of an unknown god.
  2483 | D:2      | Reached skill level 4 in Unarmed Combat
  2772 | D:3      | Reached XP level 5. HP: 30/41 MP: 6/8
  2856 | D:3      | Found a glowing drain.
  2919 | Sewer    | Entered a sewer
  3172 | Sewer    | Reached XP level 6. HP: 48/50 MP: 7/10
  3415 | Sewer    | Reached skill level 5 in Unarmed Combat
  4391 | D:4      | Found a shadowy altar of Dithmenos.
  4495 | D:4      | Found Biegixebas's Food Boutique.
  4572 | D:4      | Your scales start taking on a pale cyan-grey colour.
  4572 | D:4      | Reached XP level 7. HP: 57/57 MP: 9/11
  4754 | D:$      | Got out of the dungeon alive.

Skill      XL: |  1  2  3  4  5  6 |
---------------+-------------------+-----
Fighting       | 2 3 |  3.3
Unarmed Combat | 4 5 |  5.3
Transmutations | 3 4 |  4.6
Spellcasting   | 3 |  3.2
Dodging        | |  1.7

Action                   |  1- 3 |  4- 6 |  7- 9 || total
-------------------------+-------+-------+-------++-------
Melee: Unarmed           |   143 |   188 |       ||   331
       Tailslap          |    10 |     7 |       ||    17
       Kick              |    14 |    11 |       ||    25
       Headbutt          |     4 |     9 |       ||    13
       Punch             |     3 |     2 |       ||     5
 Cast: Beastly Appendage |    27 |    28 |       ||    55
       Sticks to Snakes  |       |     5 |       ||     5
       Spider Form       |       |     8 |       ||     8
 Abil: End Transformatio |       |     1 |       ||     1
       Breathe Steam     |       |       |     1 ||     1
  Use: Potion            |       |     1 |       ||     1
 Stab: Sleeping          |     2 |       |       ||     2
  Eat: Chunk             |     3 |     4 |       ||     7
       Ration            |       |     2 |       ||     2
Armor: Skin              |    45 |    43 |       ||    88
Dodge: Dodged            |    86 |   109 |       ||   195
